Avalanche vs Ducks

Created - 16 février 2018 at 17:51

Goals
1 2 3 T
Avalanche 0 1 1 2
Ducks 0 2 2 4
Shots
1 2 3 T
Avalanche 12 16 10 38
Ducks 4 18 11 33

1st period

No Goal

Penalties :
Mark Stuart (COL) for Hooking (Minor) at 2:06, Tom Wilson (ANA) for Roughing (Minor) at 12:28

2nd period

1. Ducks , Jordan Staal 21 (Patrik Laine 20) at 1:25
2. Avalanche , Aleksander Barkov 23 (Johnny Gaudreau 15) at 2:05
3. Ducks , Tom Wilson 13 (Craig Smith 13, Jean-Gabriel Pageau 15) at 17:49 (PP)

Penalties :
Jordan Staal (ANA) for High sticking (Minor) at 2:08, Jakob Silfverberg (COL) for Hooking (Minor) at 17:12

3rd period

4. Avalanche , Aleksander Barkov 24 (Johnny Gaudreau 16, Jaccob Slavin 6) at 0:57
5. Ducks , Nick Leddy 2 (Mike Green 16) at 9:50
6. Ducks , David Krejci 18 (Rasmus Ristolainen 26) at 14:13

Penalties :
No Penalty

Goalie Stats

Cory Schneider (COL), 29 saves from 33 shots - (0,879), L, 19-13-7, 60:00 minutes
Cam Ward (ANA), 36 saves from 38 shots - (0,947), W, 23-15-4, 60:00 minutes

Players Stats for Avalanche

Player Name              G  A  P  +/- PIM S  H  SB GA TA FO     MP     PP MP  PK MP  
------------------------------------------------------------------------------------
Adam Larsson             0  0  0   0  0   1  1  1  0  2  0/0    20:34   1:32   1:32 
Aleksander Barkov        2  0  2   1  0   4  1  0  1  0  5/9    17:37   1:48   0:00 
Alex Chiasson            0  0  0   0  0   1  0  0  0  0  0/0     7:11   0:00   0:00 
Fedor Tyutin             0  0  0   0  0   0  3  0  0  1  0/0    13:24   0:00   0:00 
Jaccob Slavin            0  1  1  -1  0   1  3  3  0  3  0/0    26:02   2:26   1:04 
Jakob Silfverberg        0  0  0   1  2   0  3  1  0  0  1/1    18:43   1:48   1:04 
Johnny Gaudreau          0  2  2   1  0   5  1  0  1  0  0/0    18:06   2:10   0:00 
Mark Giordano            0  0  0  -1  0   1  0  2  0  0  0/0    26:02   2:26   1:04 
Mark Jankowski           0  0  0  -1  0   3  0  0  0  0  0/0    12:48   0:00   0:00 
Mark Stone               0  0  0  -1  0   7  3  0  0  1  0/2    20:24   1:48   1:08 
Mark Stuart              0  0  0   0  2   2  3  0  0  0  0/0    13:43   0:00   0:00 
Mattias Ekholm           0  0  0   0  0   0  0  3  0  0  0/0    20:34   1:32   1:32 
Micheal Ferland          0  0  0  -1  0   5  1  0  0  1  0/0    13:42   0:00   0:44 
Nikita Kucherov          0  0  0  -1  0   3  0  0  2  0  0/1    19:15   2:10   0:00 
Pavel Buchnevich         0  0  0   0  0   0  0  0  1  0  0/0     7:14   0:00   0:00 
Sam Bennett              0  0  0   0  0   3  0  0  0  0  2/4     7:24   0:00   0:00 
Sean Couturier           0  0  0  -1  0   1  1  1  0  0  12/29  20:43   2:10   1:08 
Zack Smith               0  0  0  -1  0   1  0  2  0  0  7/10   13:56   0:00   1:08 

Players Stats for Ducks

Player Name              G  A  P  +/- PIM S  H  SB GA TA FO     MP     PP MP  PK MP  
------------------------------------------------------------------------------------
Craig Smith              0  1  1  -1  0   1  1  1  2  0  1/4    13:12   0:37   1:16 
David Krejci             1  0  1   1  0   2  2  1  0  0  6/13   17:40   1:01   1:17 
Deryk Engelland          0  0  0   0  0   1  1  0  0  2  0/0    16:43   0:00   2:31 
Jack Johnson             0  0  0   2  0   1  1  5  0  1  0/0    22:58   0:46   2:31 
Jean-Gabriel Pageau      0  1  1   1  0   2  0  1  0  0  0/2    17:10   1:35   0:33 
Jonathan Ericsson        0  0  0   0  0   2  0  0  0  0  0/0    15:46   0:00   1:27 
Jordan Staal             1  0  1   1  2   5  2  2  0  0  20/27  21:48   0:58   1:19 
Mike Green               0  1  1  -1  0   1  0  2  0  0  0/0    21:16   1:50   0:00 
Milan Lucic              0  0  0   1  0   1  1  1  2  0  0/0    21:04   1:01   0:31 
Nick Leddy               1  0  1  -1  0   1  1  3  0  0  0/0    21:16   1:50   0:00 
Patrik Laine             0  1  1   1  0   4  0  2  0  1  1/1    20:44   1:01   0:00 
Phillip Danault          0  0  0   1  0   3  0  0  0  0  0/0    15:02   0:00   0:00 
Rasmus Ristolainen       0  1  1   2  0   3  2  2  4  0  0/0    22:01   0:46   1:27 
Riley Barber             0  0  0   0  0   0  0  0  0  0  0/1     7:33   0:00   0:00 
Riley Nash               0  0  0   0  0   2  1  0  0  1  0/1     7:33   0:00   0:00 
Tom Wilson               1  0  1  -1  2   3  1  0  0  0  0/0    13:39   1:35   0:57 
Tommy Wingels            0  0  0   0  0   0  0  0  0  0  0/2     8:06   0:00   0:33 
Trevor Lewis             0  0  0  -1  0   1  2  0  0  0  1/5    12:29   0:00   1:30 

3 Stars

1 - Aleksander Barkov (COL)
2 - Cam Ward (ANA)
3 - David Krejci (ANA)

Power Play

Avalanche - 0 on 2 Attempt(s) - 0,00%
Ducks - 1 on 2 Attempt(s) - 50,00%

Penalty Kill

Avalanche - 1 on 2 Attempt(s) - 50,00% - Score 0 goal in Penalty Kill
Ducks - 2 on 2 Attempt(s) - 100,00% - Score 0 goal in Penalty Kill

Team Stat

Avalanche - Hits : 20 - Faceoff Wins : 27 - Blocked Shots : 13 - Penalty Minutes : 4
Ducks - Hits : 15 - Faceoff Wins : 29 - Blocked Shots : 20 - Penalty Minutes : 4

Official

Referees : Wes McCauley and Kelly Sutherland
Linesman : Devin Berg and Kiel Murchison

Game Notes

No Game Note

Finance

Level 1 -- Attendance: 4795 (79,92%) -- Ticket Income 479 500 $
Level 2 -- Attendance: 5000 (100,00%) -- Ticket Income 300 000 $
Level 3 -- Attendance: 1766 (88,30%) -- Ticket Income 61 810 $
Level 4 -- Attendance: 3663 (91,58%) -- Ticket Income 73 260 $
Luxury Box -- Attendance: 782 (78,20%) -- Ticket Income 156 400 $
Game was played at the The Pound.
Total Attendance: 16006 (88,92%)
Total Ticket Income: 1 070 970 $
Other Income: 524 775 $
Total Income: 1 595 745 $

Avalanche

5 vs 5 Forward 
   Center                   Left Wing                Right Wing               Time % Phy DF OF 
 1 Sean Couturier           Nikita Kucherov          Mark Stone               35     0   2  3  
 2 Aleksander Barkov        Johnny Gaudreau          Jakob Silfverberg        32     0   2  3  
 3 Zack Smith               Mark Jankowski           Micheal Ferland          25     0   2  3  
 4 Sam Bennett              Pavel Buchnevich         Alex Chiasson            8      0   3  2  

5 vs 5 Defense 
   Defense                  Defense                                           Time % Phy DF OF 
 1 Mark Giordano            Jaccob Slavin                                     35     0   3  2  
 2 Mattias Ekholm           Adam Larsson                                      32     0   3  2  
 3 Fedor Tyutin             Mark Stuart                                       25     0   3  2  
 4 Mark Giordano            Jaccob Slavin                                     8      0   3  2  

PowerPlay Forward 
   Center                   Left Wing                Right Wing               Time % Phy DF OF 
 1 Sean Couturier           Johnny Gaudreau          Nikita Kucherov          60     0   1  4  
 2 Aleksander Barkov        Jakob Silfverberg        Mark Stone               40     0   1  4  

PowerPlay Defense
   Defense                  Defense                                           Time % Phy DF OF 
 1 Mark Giordano            Jaccob Slavin                                     60     0   3  2  
 2 Mattias Ekholm           Adam Larsson                                      40     0   3  2  

Penalty Kill 4 Players Forward 
   Center                   Wing                     Time % Phy DF OF 
 1 Zack Smith               Jakob Silfverberg        60     1   2  2  
 2 Sean Couturier           Mark Stone               40     1   2  2  

Penalty Kill 4 Players Defense
   Defense                  Defense                  Time % Phy DF OF 
 1 Mark Giordano            Jaccob Slavin            60     1   2  2  
 2 Mattias Ekholm           Adam Larsson             40     1   2  2  

Penalty Kill - 3 Players Forward 
   Forward                                           Time % Phy DF OF 
 1 Zack Smith                                        60     1   2  2  
 2 Sean Couturier                                    40     1   2  2  

Penalty Kill - 3 Players Defense
   Defense                  Defense                  Time % Phy DF OF 
 1 Mark Giordano            Jaccob Slavin            60     1   2  2  
 2 Mattias Ekholm           Adam Larsson             40     1   2  2  

4 vs 4 Forward 
   Center                   Wing                     Time % Phy DF OF 
 1 Zack Smith               Jakob Silfverberg        60     1   2  2  
 2 Sean Couturier           Nikita Kucherov          40     1   2  2  

4 vs 4 Defense
   Defense                  Defense                  Time % Phy DF OF 
 1 Mark Giordano            Jaccob Slavin            60     1   2  2  
 2 Mattias Ekholm           Adam Larsson             40     1   2  2  

Last Minutes Offensive
   Center                   Left Wing                Right Wing               Defense                  Defense                  
   Aleksander Barkov        Nikita Kucherov          Mark Stone               Mark Giordano            Jaccob Slavin            

Last Minutes Defensive
   Center                   Left Wing                Right Wing               Defense                  Defense                  
   Aleksander Barkov        Nikita Kucherov          Mark Stone               Mark Giordano            Jaccob Slavin            

Goaltenders
Starting : Cory Schneider           
Backup : Troy Grosenick           

Extra Forwards
Normal : Johnny Gaudreau, Sam Bennett, Micheal Ferland - PP : Johnny Gaudreau, Sam Bennett - PK : Micheal Ferland
Extra Defensemen
Normal : Fedor Tyutin, Mark Stuart, Mattias Ekholm - PP : Fedor Tyutin - PK : Mark Stuart, Mattias Ekholm
Penalty Shots
Nikita Kucherov, Aleksander Barkov, Sean Couturier, Mark Stone, Jakob Silfverberg
Custom OT Lines Forwards
Nikita Kucherov, Aleksander Barkov, Sean Couturier, Mark Stone, Jakob Silfverberg, Johnny Gaudreau, Zack Smith, Sam Bennett, Micheal Ferland, Alex Chiasson
Custom OT Lines Defensemen
Mark Giordano, Jaccob Slavin, Mattias Ekholm, Adam Larsson, Fedor Tyutin

Scratches
Damon Severson (Healthy), Nikita Tryamkin (Healthy), Aaron Dell (Healthy)

Ducks

5 vs 5 Forward 
   Center                   Left Wing                Right Wing               Time % Phy DF OF 
 1 Jordan Staal             Milan Lucic              Patrik Laine             40     1   2  2  
 2 David Krejci             Phillip Danault          Jean-Gabriel Pageau      30     1   2  2  
 3 Trevor Lewis             Craig Smith              Tom Wilson               20     1   2  2  
 4 Riley Nash               Tommy Wingels            Riley Barber             10     1   2  2  

5 vs 5 Defense 
   Defense                  Defense                                           Time % Phy DF OF 
 1 Rasmus Ristolainen       Jack Johnson                                      40     1   2  2  
 2 Mike Green               Nick Leddy                                        30     1   2  2  
 3 Jonathan Ericsson        Deryk Engelland                                   20     1   2  2  
 4 Rasmus Ristolainen       Jack Johnson                                      10     1   2  2  

PowerPlay Forward 
   Center                   Left Wing                Right Wing               Time % Phy DF OF 
 1 David Krejci             Milan Lucic              Patrik Laine             60     1   2  2  
 2 Jordan Staal             Jean-Gabriel Pageau      Tom Wilson               40     1   2  2  

PowerPlay Defense
   Defense                  Defense                                           Time % Phy DF OF 
 1 Mike Green               Nick Leddy                                        60     1   2  2  
 2 Rasmus Ristolainen       Jack Johnson                                      40     1   2  2  

Penalty Kill 4 Players Forward 
   Center                   Wing                     Time % Phy DF OF 
 1 Jordan Staal             Tom Wilson               60     1   2  2  
 2 Jean-Gabriel Pageau      Tommy Wingels            40     1   2  2  

Penalty Kill 4 Players Defense
   Defense                  Defense                  Time % Phy DF OF 
 1 Deryk Engelland          Jack Johnson             60     1   2  2  
 2 Jonathan Ericsson        Rasmus Ristolainen       40     1   2  2  

Penalty Kill - 3 Players Forward 
   Forward                                           Time % Phy DF OF 
 1 Jean-Gabriel Pageau                               60     1   2  2  
 2 David Krejci                                      40     1   2  2  

Penalty Kill - 3 Players Defense
   Defense                  Defense                  Time % Phy DF OF 
 1 Jack Johnson             Deryk Engelland          60     1   2  2  
 2 Nick Leddy               Jonathan Ericsson        40     1   2  2  

4 vs 4 Forward 
   Center                   Wing                     Time % Phy DF OF 
 1 Jordan Staal             Patrik Laine             60     1   2  2  
 2 David Krejci             Milan Lucic              40     1   2  2  

4 vs 4 Defense
   Defense                  Defense                  Time % Phy DF OF 
 1 Rasmus Ristolainen       Mike Green               60     1   2  2  
 2 Nick Leddy               Jonathan Ericsson        40     1   2  2  

Last Minutes Offensive
   Center                   Left Wing                Right Wing               Defense                  Defense                  
   Jordan Staal             Milan Lucic              Patrik Laine             Rasmus Ristolainen       Mike Green               

Last Minutes Defensive
   Center                   Left Wing                Right Wing               Defense                  Defense                  
   Jordan Staal             Milan Lucic              Patrik Laine             Jonathan Ericsson        Jack Johnson             

Goaltenders
Starting : Cam Ward                 
Backup : Jacob Markstrom          

Extra Forwards
Normal : Patrik Laine, Craig Smith, Trevor Lewis - PP : Milan Lucic, Craig Smith - PK : Trevor Lewis
Extra Defensemen
Normal : Jonathan Ericsson, Mike Green, Nick Leddy - PP : Jonathan Ericsson - PK : Mike Green, Nick Leddy
Penalty Shots
Jordan Staal, David Krejci, Milan Lucic, Patrik Laine, Jean-Gabriel Pageau
Custom OT Lines Forwards
Jordan Staal, David Krejci, Milan Lucic, Patrik Laine, Jean-Gabriel Pageau, Tommy Wingels, Tom Wilson, Craig Smith, Trevor Lewis, Riley Nash
Custom OT Lines Defensemen
Rasmus Ristolainen, Jack Johnson, Nick Leddy, Deryk Engelland, Jonathan Ericsson

Scratches
None


% Time on Ice - Avalanche

Lines # - Real PCT - Wanted PCT - Time Play
Normal Forward
1 - 32% - 35% - 17:18
2 - 30% - 32% - 16:09
3 - 24% - 25% - 12:48
4 - 13% - 8% - 7:11
Normal Defense
1 - 37% - 35% - 19:31
2 - 33% - 32% - 17:30
3 - 25% - 25% - 13:24
4 - 6% - 8% - 3:01
PP Forward
1 - 55% - 60% - 2:10
2 - 45% - 40% - 1:48
PP Defense
1 - 61% - 60% - 2:26
2 - 39% - 40% - 1:32
PK Forward
1 - 56% - 60% - 1:28
2 - 44% - 40% - 1:08
PK Defense
1 - 41% - 60% - 1:04
2 - 59% - 40% - 1:32
PK3 Forward
1 - 0% - 60%
2 - 0% - 40%
PK3 Defense
1 - 0% - 60%
2 - 0% - 40%
44 Forward
1 - 0% - 60%
2 - 0% - 40%
44 Defense
1 - 0% - 60%
2 - 0% - 40%
Last Minute Offensive  - 0:00
Last Minute Defensive  - 0:00
Total
Forward - 60:00
Defense - 60:00

% Time on Ice - Ducks

Lines # - Real PCT - Wanted PCT - Time Play
Normal Forward
1 - 38% - 40% - 20:14
2 - 28% - 30% - 15:02
3 - 20% - 20% - 10:37
4 - 14% - 10% - 7:33
Normal Defense
1 - 35% - 40% - 18:50
2 - 37% - 30% - 19:42
3 - 26% - 20% - 14:03
4 - 2% - 10% - 0:51
PP Forward
1 - 39% - 60% - 1:01
2 - 61% - 40% - 1:35
PP Defense
1 - 71% - 60% - 1:50
2 - 29% - 40% - 0:46
PK Forward
1 - 86% - 60% - 3:25
2 - 14% - 40% - 0:33
PK Defense
1 - 63% - 60% - 2:31
2 - 37% - 40% - 1:27
PK3 Forward
1 - 0% - 60%
2 - 0% - 40%
PK3 Defense
1 - 0% - 60%
2 - 0% - 40%
44 Forward
1 - 0% - 60%
2 - 0% - 40%
44 Defense
1 - 0% - 60%
2 - 0% - 40%
Last Minute Offensive  - 0:00
Last Minute Defensive  - 0:00
Total
Forward - 60:00
Defense - 60:00

Play by Play

1st period


0:01 of 1st period - Jordan Staal wins face-off versus Mark Stone in neutral zone.
0:12 of 1st period - Snap shot by Milan Lucic.
0:12 of 1st period - Shot Blocked by Jaccob Slavin.
0:16 of 1st period - Wrist shot by Jordan Staal.
0:16 of 1st period - Shot Misses the Net.
1:34 of 1st period - Snap shot by Nikita Kucherov.
1:34 of 1st period - Shot Misses the Net.
2:06 of 1st period - Minor Penalty to Mark Stuart for Hooking.
2:07 of 1st period - Zack Smith wins face-off versus David Krejci in Avalanche zone.
2:12 of 1st period - Nick Leddy is hit by Jaccob Slavin and loses puck.
2:33 of 1st period - Sean Couturier is hit by Tom Wilson and loses puck.
4:06 of 1st period - Penalty to Mark Stuart is over, Mark Stuart is back on ice.
4:09 of 1st period - Backhand shot by Riley Nash.
4:09 of 1st period - Stopped by Cory Schneider with a rebound.
4:11 of 1st period - Slapshot by Deryk Engelland.
4:11 of 1st period - Stopped by Cory Schneider with a rebound.
4:31 of 1st period - Mark Giordano is hit by Deryk Engelland and loses puck.
5:04 of 1st period - Phillip Danault is hit by Jakob Silfverberg and loses puck.
5:25 of 1st period - Snap shot by Sam Bennett.
5:25 of 1st period - Stopped by Cam Ward with a rebound.
5:27 of 1st period - Slapshot by Mark Stuart.
5:27 of 1st period - Shot Misses the Net.
6:29 of 1st period - Riley Barber is hit by Mark Stuart and loses puck.
7:09 of 1st period - Icing by Mattias Ekholm.
7:10 of 1st period - David Krejci wins face-off versus Sam Bennett in Avalanche zone.
7:49 of 1st period - Slapshot by Mark Stone.
7:49 of 1st period - Stopped by Cam Ward with a rebound.
8:34 of 1st period - Wrist shot by Zack Smith.
8:34 of 1st period - Stopped by Cam Ward with a rebound.
8:50 of 1st period - Slapshot by Nikita Kucherov.
8:50 of 1st period - Shot Blocked by Jean-Gabriel Pageau.
8:52 of 1st period - Slapshot by Fedor Tyutin.
8:52 of 1st period - Shot Blocked by Nick Leddy.
9:38 of 1st period - Snap shot by Trevor Lewis.
9:38 of 1st period - Shot Blocked by Zack Smith.
9:40 of 1st period - Slapshot by Jonathan Ericsson.
9:40 of 1st period - Shot Blocked by Jaccob Slavin.
9:42 of 1st period - Snap shot by Trevor Lewis.
9:42 of 1st period - Shot Misses the Net.
9:44 of 1st period - Snap shot by Deryk Engelland.
9:44 of 1st period - Shot Misses the Net.
9:46 of 1st period - Slapshot by Jonathan Ericsson.
9:46 of 1st period - Deflect By Craig Smith.
9:46 of 1st period - Shot Misses the Net.
9:46 of 1st period - Puck is out of play.
9:47 of 1st period - Patrik Laine wins face-off versus Sean Couturier in Avalanche zone.
10:45 of 1st period - Snap shot by Zack Smith.
10:45 of 1st period - Shot Misses the Net.
11:00 of 1st period - Fedor Tyutin is hit by Milan Lucic and loses puck.
12:00 of 1st period - Snap shot by Micheal Ferland.
12:00 of 1st period - Stopped by Cam Ward with a rebound.
12:28 of 1st period - Minor Penalty to Tom Wilson for Roughing.
12:29 of 1st period - Jordan Staal wins face-off versus Sean Couturier in Ducks zone.
13:00 of 1st period - Snap shot by Mark Stone.
13:00 of 1st period - Shot Misses the Net.
13:02 of 1st period - Wrist shot by Mattias Ekholm.
13:02 of 1st period - Shot Blocked by Jack Johnson.
13:04 of 1st period - Snap shot by Mark Stone.
13:04 of 1st period - Shot Blocked by Jordan Staal.
13:06 of 1st period - Slapshot by Mattias Ekholm.
13:06 of 1st period - Deflect By Mark Stone.
13:06 of 1st period - Stopped by Cam Ward without a rebound.
13:07 of 1st period - Jordan Staal wins face-off versus Sean Couturier in Ducks zone.
13:20 of 1st period - Slapshot by Johnny Gaudreau.
13:20 of 1st period - Shot Blocked by Rasmus Ristolainen.
14:17 of 1st period - Snap shot by Trevor Lewis.
14:17 of 1st period - Shot Blocked by Mattias Ekholm.
14:28 of 1st period - Penalty to Tom Wilson is over, Tom Wilson is back on ice.
14:41 of 1st period - Snap shot by Micheal Ferland.
14:41 of 1st period - Stopped by Cam Ward with a rebound.
14:43 of 1st period - Slapshot by Mark Stuart.
14:43 of 1st period - Deflect By Rasmus Ristolainen.
14:43 of 1st period - Stopped by Cam Ward without a rebound.
14:44 of 1st period - Zack Smith wins face-off versus Riley Nash in Ducks zone.
14:52 of 1st period - Off-side.
14:53 of 1st period - David Krejci wins face-off versus Zack Smith in neutral zone.
15:01 of 1st period - David Krejci is hit by Fedor Tyutin and loses puck.
15:37 of 1st period - Slapshot by David Krejci.
15:37 of 1st period - Shot Misses the Net.
15:41 of 1st period - Wrist shot by Jean-Gabriel Pageau.
15:41 of 1st period - Stopped by Cory Schneider with a rebound.
15:45 of 1st period - Wrist shot by David Krejci.
15:45 of 1st period - Stopped by Cory Schneider without a rebound.
15:46 of 1st period - Jordan Staal wins face-off versus Sean Couturier in Avalanche zone.
15:51 of 1st period - Wrist shot by Milan Lucic.
15:51 of 1st period - Shot Misses the Net.
16:20 of 1st period - Wrist shot by Johnny Gaudreau.
16:20 of 1st period - Stopped by Cam Ward without a rebound.
16:21 of 1st period - Aleksander Barkov wins face-off versus Jordan Staal in Ducks zone.
16:26 of 1st period - Wrist shot by Aleksander Barkov.
16:26 of 1st period - Stopped by Cam Ward without a rebound.
16:27 of 1st period - Jordan Staal wins face-off versus Aleksander Barkov in Ducks zone.
16:34 of 1st period - Patrik Laine is hit by Jaccob Slavin.
17:14 of 1st period - Snap shot by Aleksander Barkov.
17:14 of 1st period - Shot Blocked by Patrik Laine.
17:16 of 1st period - Snap shot by Jakob Silfverberg.
17:16 of 1st period - Shot Misses the Net.
17:18 of 1st period - Wrist shot by Jaccob Slavin.
17:18 of 1st period - Shot Misses the Net.
17:24 of 1st period - Slapshot by Johnny Gaudreau.
17:24 of 1st period - Stopped by Cam Ward with a rebound.
17:34 of 1st period - Snap shot by Johnny Gaudreau.
17:34 of 1st period - Stopped by Cam Ward with a rebound.
17:36 of 1st period - Slapshot by Jaccob Slavin.
17:36 of 1st period - Stopped by Cam Ward with a rebound.
17:38 of 1st period - Snap shot by Aleksander Barkov.
17:38 of 1st period - Shot Blocked by Mike Green.
17:40 of 1st period - Slapshot by Jaccob Slavin.
17:40 of 1st period - Deflect By Johnny Gaudreau.
17:40 of 1st period - Shot Misses the Net.
17:40 of 1st period - Puck is out of play.
17:41 of 1st period - Sean Couturier wins face-off versus David Krejci in Ducks zone.
18:07 of 1st period - Adam Larsson is hit by Craig Smith and loses puck.
18:15 of 1st period - Off-side.
18:16 of 1st period - Trevor Lewis wins face-off versus Nikita Kucherov in neutral zone.
18:31 of 1st period - Snap shot by Craig Smith.
18:31 of 1st period - Shot Misses the Net.
19:32 of 1st period - Off-side.
19:33 of 1st period - Jordan Staal wins face-off versus Aleksander Barkov in neutral zone.
19:35 of 1st period - Off-side.
19:36 of 1st period - Jordan Staal wins face-off versus Aleksander Barkov in neutral zone.
Goals for this period are 0 for Avalanche vs 0 for Ducks.
Shots for this period are 12 for Avalanche vs 4 for Ducks.

2nd period


0:01 of 2nd period - Sean Couturier wins face-off versus Jordan Staal in neutral zone.
0:08 of 2nd period - Wrist shot by Mark Stone.
0:08 of 2nd period - Stopped by Cam Ward with a rebound.
0:34 of 2nd period - Off-side.
0:35 of 2nd period - David Krejci wins face-off versus Sean Couturier in neutral zone.
0:38 of 2nd period - Backhand shot by Phillip Danault.
0:38 of 2nd period - Stopped by Cory Schneider with a rebound.
0:46 of 2nd period - Nick Leddy is hit by Mark Stone and loses puck.
1:03 of 2nd period - Slapshot by Jordan Staal.
1:03 of 2nd period - Deflect By Patrik Laine.
1:03 of 2nd period - Stopped by Cory Schneider without a rebound.
1:04 of 2nd period - Jordan Staal wins face-off versus Aleksander Barkov in Avalanche zone.
1:07 of 2nd period - Wrist shot by Jordan Staal.
1:07 of 2nd period - Shot Misses the Net.
1:09 of 2nd period - Slapshot by Rasmus Ristolainen.
1:09 of 2nd period - Stopped by Cory Schneider with a rebound.
1:23 of 2nd period - Wrist shot by Jordan Staal.
1:23 of 2nd period - Shot Blocked by Mark Giordano.
1:25 of 2nd period - Snap shot by Patrik Laine.
1:25 of 2nd period - Deflect By Jordan Staal.
1:25 of 2nd period - Goal by Jordan Staal - Avalanche : 0 - Ducks : 1.
1:26 of 2nd period - Jordan Staal wins face-off versus Mark Stone in neutral zone.
1:33 of 2nd period - Wrist shot by Nikita Kucherov.
1:33 of 2nd period - Stopped by Cam Ward with a rebound.
1:35 of 2nd period - Slapshot by Mark Giordano.
1:35 of 2nd period - Stopped by Cam Ward without a rebound.
1:36 of 2nd period - Jordan Staal wins face-off versus Sean Couturier in Ducks zone.
1:49 of 2nd period - Snap shot by Mark Stone.
1:49 of 2nd period - Stopped by Cam Ward with a rebound.
1:57 of 2nd period - Slapshot by Mark Stone.
1:57 of 2nd period - Stopped by Cam Ward with a rebound.
1:59 of 2nd period - Snap shot by Mark Stone.
1:59 of 2nd period - Stopped by Cam Ward without a rebound.
2:00 of 2nd period - Aleksander Barkov wins face-off versus David Krejci in Ducks zone.
2:05 of 2nd period - Snap shot by Aleksander Barkov.
2:05 of 2nd period - Goal by Aleksander Barkov - Avalanche : 1 - Ducks : 1.
2:06 of 2nd period - Jordan Staal wins face-off versus Sean Couturier in neutral zone.
2:08 of 2nd period - Minor Penalty to Jordan Staal for High sticking.
2:09 of 2nd period - Sean Couturier wins face-off versus Trevor Lewis in Ducks zone.
2:55 of 2nd period - Jean-Gabriel Pageau is hit by Mark Stone and loses puck.
3:35 of 2nd period - David Krejci is hit by Jakob Silfverberg and loses puck.
4:08 of 2nd period - Penalty to Jordan Staal is over, Jordan Staal is back on ice.
6:16 of 2nd period - Snap shot by Riley Nash.
6:16 of 2nd period - Stopped by Cory Schneider with a rebound.
6:18 of 2nd period - Slapshot by Jonathan Ericsson.
6:18 of 2nd period - Stopped by Cory Schneider without a rebound.
6:19 of 2nd period - Aleksander Barkov wins face-off versus Jean-Gabriel Pageau in Avalanche zone.
7:20 of 2nd period - Mattias Ekholm is hit by Jack Johnson and loses puck.
7:35 of 2nd period - Adam Larsson is hit by Riley Nash and loses puck.
7:54 of 2nd period - Snap shot by Johnny Gaudreau.
7:54 of 2nd period - Shot Blocked by Mike Green.
8:54 of 2nd period - Snap shot by Mark Stone.
8:54 of 2nd period - Shot Misses the Net.
9:02 of 2nd period - Mattias Ekholm is hit by Trevor Lewis and loses puck.
9:33 of 2nd period - Wrist shot by Jordan Staal.
9:33 of 2nd period - Stopped by Cory Schneider without a rebound.
9:34 of 2nd period - Jordan Staal wins face-off versus Sam Bennett in Avalanche zone.
9:37 of 2nd period - Slapshot by Milan Lucic.
9:37 of 2nd period - Shot Blocked by Mark Giordano.
9:39 of 2nd period - Slapshot by Milan Lucic.
9:39 of 2nd period - Shot Misses the Net.
9:41 of 2nd period - Slapshot by Rasmus Ristolainen.
9:41 of 2nd period - Stopped by Cory Schneider with a rebound.
9:43 of 2nd period - Snap shot by Jordan Staal.
9:43 of 2nd period - Stopped by Cory Schneider with a rebound.
9:45 of 2nd period - Slapshot by Jack Johnson.
9:45 of 2nd period - Deflect By Jordan Staal.
9:45 of 2nd period - Stopped by Cory Schneider without a rebound.
9:46 of 2nd period - Jordan Staal wins face-off versus Sean Couturier in Avalanche zone.
10:13 of 2nd period - Johnny Gaudreau is hit by David Krejci and loses puck.
10:30 of 2nd period - Icing by Mike Green.
10:31 of 2nd period - David Krejci wins face-off versus Sean Couturier in Ducks zone.
10:36 of 2nd period - Sean Couturier is hit by Nick Leddy and loses puck.
10:43 of 2nd period - Snap shot by David Krejci.
10:43 of 2nd period - Shot Misses the Net.
10:53 of 2nd period - Slapshot by Phillip Danault.
10:53 of 2nd period - Stopped by Cory Schneider with a rebound.
11:11 of 2nd period - Jean-Gabriel Pageau is hit by Fedor Tyutin and loses puck.
11:24 of 2nd period - Snap shot by Nikita Kucherov.
11:24 of 2nd period - Shot Blocked by Nick Leddy.
11:29 of 2nd period - Icing by Jean-Gabriel Pageau.
11:30 of 2nd period - Aleksander Barkov wins face-off versus David Krejci in Ducks zone.
11:49 of 2nd period - Snap shot by Jean-Gabriel Pageau.
11:49 of 2nd period - Shot Misses the Net.
12:12 of 2nd period - Snap shot by Rasmus Ristolainen.
12:12 of 2nd period - Shot Misses the Net.
12:20 of 2nd period - Snap shot by Phillip Danault.
12:20 of 2nd period - Shot Blocked by Mattias Ekholm.
12:22 of 2nd period - Wrist shot by Jack Johnson.
12:22 of 2nd period - Deflect By David Krejci.
12:22 of 2nd period - Shot Blocked by Adam Larsson.
12:22 of 2nd period - Puck is out of play.
12:23 of 2nd period - Zack Smith wins face-off versus Jordan Staal in Avalanche zone.
12:35 of 2nd period - Zack Smith is hit by Rasmus Ristolainen and loses puck.
12:40 of 2nd period - Snap shot by Jordan Staal.
12:40 of 2nd period - Stopped by Cory Schneider with a rebound.
12:50 of 2nd period - Rasmus Ristolainen is hit by Johnny Gaudreau and loses puck.
12:59 of 2nd period - Wrist shot by Trevor Lewis.
12:59 of 2nd period - Stopped by Cory Schneider with a rebound.
13:30 of 2nd period - Wrist shot by Sam Bennett.
13:30 of 2nd period - Shot Blocked by Jordan Staal.
13:32 of 2nd period - Wrist shot by Alex Chiasson.
13:32 of 2nd period - Stopped by Cam Ward without a rebound.
13:33 of 2nd period - Sam Bennett wins face-off versus Trevor Lewis in Ducks zone.
13:34 of 2nd period - Snap shot by Pavel Buchnevich.
13:34 of 2nd period - Shot Misses the Net.
13:36 of 2nd period - Snap shot by Sam Bennett.
13:36 of 2nd period - Stopped by Cam Ward without a rebound.
13:37 of 2nd period - Sean Couturier wins face-off versus Trevor Lewis in Ducks zone.
13:38 of 2nd period - Snap shot by Nikita Kucherov.
13:38 of 2nd period - Stopped by Cam Ward with a rebound.
13:40 of 2nd period - Wrist shot by Nikita Kucherov.
13:40 of 2nd period - Shot Blocked by Jack Johnson.
13:42 of 2nd period - Slapshot by Mark Stuart.
13:42 of 2nd period - Shot Blocked by Jack Johnson.
13:44 of 2nd period - Slapshot by Mark Stuart.
13:44 of 2nd period - Shot Blocked by Craig Smith.
13:46 of 2nd period - Slapshot by Mark Stuart.
13:46 of 2nd period - Stopped by Cam Ward with a rebound.
14:08 of 2nd period - Snap shot by Jack Johnson.
14:08 of 2nd period - Stopped by Cory Schneider with a rebound.
14:29 of 2nd period - Icing by Jakob Silfverberg.
14:30 of 2nd period - Zack Smith wins face-off versus Tommy Wingels in Avalanche zone.
14:41 of 2nd period - Riley Nash is hit by Mark Stuart and loses puck.
15:29 of 2nd period - Slapshot by Milan Lucic.
15:29 of 2nd period - Shot Blocked by Jakob Silfverberg.
15:31 of 2nd period - Wrist shot by Patrik Laine.
15:31 of 2nd period - Shot Misses the Net.
15:33 of 2nd period - Slapshot by Patrik Laine.
15:33 of 2nd period - Stopped by Cory Schneider with a rebound.
15:35 of 2nd period - Wrist shot by Milan Lucic.
15:35 of 2nd period - Stopped by Cory Schneider with a rebound.
15:41 of 2nd period - Slapshot by Patrik Laine.
15:41 of 2nd period - Stopped by Cory Schneider with a rebound.
16:01 of 2nd period - Snap shot by Aleksander Barkov.
16:01 of 2nd period - Stopped by Cam Ward with a rebound.
16:27 of 2nd period - Snap shot by Patrik Laine.
16:27 of 2nd period - Shot Hit the Post.
16:43 of 2nd period - Snap shot by Aleksander Barkov.
16:43 of 2nd period - Shot Misses the Net.
16:45 of 2nd period - Slapshot by Mark Giordano.
16:45 of 2nd period - Deflect By Johnny Gaudreau.
16:45 of 2nd period - Stopped by Cam Ward with a rebound.
16:47 of 2nd period - Backhand shot by Jakob Silfverberg.
16:47 of 2nd period - Shot Misses the Net.
17:10 of 2nd period - Snap shot by Milan Lucic.
17:10 of 2nd period - Shot Misses the Net.
17:12 of 2nd period - Minor Penalty to Jakob Silfverberg for Hooking.
17:13 of 2nd period - Sean Couturier wins face-off versus Craig Smith in Avalanche zone.
17:19 of 2nd period - Icing by Tom Wilson.
17:20 of 2nd period - Craig Smith wins face-off versus Sean Couturier in Ducks zone.
17:33 of 2nd period - Snap shot by Tom Wilson.
17:33 of 2nd period - Shot Blocked by Sean Couturier.
17:35 of 2nd period - Slapshot by Mike Green.
17:35 of 2nd period - Deflect By Craig Smith.
17:35 of 2nd period - Shot Blocked by Mattias Ekholm.
17:35 of 2nd period - Puck is out of play.
17:36 of 2nd period - Zack Smith wins face-off versus Craig Smith in Avalanche zone.
17:45 of 2nd period - Snap shot by Jean-Gabriel Pageau.
17:45 of 2nd period - Shot Misses the Net.
17:47 of 2nd period - Wrist shot by Craig Smith.
17:47 of 2nd period - Shot Blocked by Zack Smith.
17:49 of 2nd period - Wrist shot by Tom Wilson.
17:49 of 2nd period - Goal by Tom Wilson - Avalanche : 1 - Ducks : 2.
17:50 of 2nd period - Sean Couturier wins face-off versus David Krejci in neutral zone.
17:59 of 2nd period - Wrist shot by Nikita Kucherov.
17:59 of 2nd period - Shot Misses the Net.
18:01 of 2nd period - Snap shot by Adam Larsson.
18:01 of 2nd period - Shot Blocked by David Krejci.
18:03 of 2nd period - Wrist shot by Sean Couturier.
18:03 of 2nd period - Stopped by Cam Ward without a rebound.
18:04 of 2nd period - David Krejci wins face-off versus Sean Couturier in Ducks zone.
18:15 of 2nd period - Slapshot by Mark Stone.
18:15 of 2nd period - Stopped by Cam Ward without a rebound.
18:16 of 2nd period - Jordan Staal wins face-off versus Sean Couturier in Ducks zone.
18:16 of 2nd period - Jordan Staal is hit by Mark Stone.
18:48 of 2nd period - Wrist shot by Jaccob Slavin.
18:48 of 2nd period - Shot Blocked by Jack Johnson.
18:50 of 2nd period - Snap shot by Jaccob Slavin.
18:50 of 2nd period - Shot Misses the Net.
18:52 of 2nd period - Snap shot by Mark Jankowski.
18:52 of 2nd period - Stopped by Cam Ward without a rebound.
18:53 of 2nd period - Aleksander Barkov wins face-off versus Craig Smith in Ducks zone.
19:18 of 2nd period - Johnny Gaudreau is hit by David Krejci and loses puck.
19:31 of 2nd period - David Krejci is hit by Fedor Tyutin and loses puck.
19:39 of 2nd period - Icing by Nick Leddy.
19:40 of 2nd period - Jordan Staal wins face-off versus Sean Couturier in Ducks zone.
Goals for this period are 1 for Avalanche vs 2 for Ducks.
Shots for this period are 16 for Avalanche vs 18 for Ducks.

3rd period


0:01 of 3rd period - Jordan Staal wins face-off versus Sean Couturier in neutral zone.
0:06 of 3rd period - Mark Giordano is hit by Jordan Staal and loses puck.
0:29 of 3rd period - Slapshot by Jaccob Slavin.
0:29 of 3rd period - Shot Blocked by Jack Johnson.
0:55 of 3rd period - Snap shot by Johnny Gaudreau.
0:55 of 3rd period - Stopped by Cam Ward with a rebound.
0:57 of 3rd period - Wrist shot by Aleksander Barkov.
0:57 of 3rd period - Goal by Aleksander Barkov - Avalanche : 2 - Ducks : 2.
0:58 of 3rd period - Jordan Staal wins face-off versus Sean Couturier in neutral zone.
1:53 of 3rd period - Snap shot by Craig Smith.
1:53 of 3rd period - Deflect By Tom Wilson.
1:53 of 3rd period - Deflect By Aleksander Barkov.
1:53 of 3rd period - Shot Misses the Net.
1:53 of 3rd period - Puck is out of play.
1:54 of 3rd period - Sean Couturier wins face-off versus Jordan Staal in Avalanche zone.
3:03 of 3rd period - Trevor Lewis is hit by Mark Stuart and loses puck.
3:46 of 3rd period - Wrist shot by Zack Smith.
3:46 of 3rd period - Shot Misses the Net.
3:48 of 3rd period - Slapshot by Jaccob Slavin.
3:48 of 3rd period - Shot Hit the Post.
5:05 of 3rd period - Snap shot by Tom Wilson.
5:05 of 3rd period - Stopped by Cory Schneider with a rebound.
5:20 of 3rd period - Icing by Trevor Lewis.
5:21 of 3rd period - Sam Bennett wins face-off versus Riley Barber in Ducks zone.
5:27 of 3rd period - Off-side.
5:28 of 3rd period - Sean Couturier wins face-off versus Tommy Wingels in neutral zone.
6:57 of 3rd period - Snap shot by David Krejci.
6:57 of 3rd period - Shot Misses the Net.
6:59 of 3rd period - Wrist shot by Phillip Danault.
6:59 of 3rd period - Stopped by Cory Schneider with a rebound.
7:21 of 3rd period - Wrist shot by Mark Stone.
7:21 of 3rd period - Shot Misses the Net.
7:43 of 3rd period - Patrik Laine is hit by Aleksander Barkov.
7:55 of 3rd period - Mike Green is hit by Micheal Ferland.
8:01 of 3rd period - Wrist shot by Micheal Ferland.
8:01 of 3rd period - Stopped by Cam Ward with a rebound.
8:03 of 3rd period - Wrist shot by Mark Jankowski.
8:03 of 3rd period - Stopped by Cam Ward with a rebound.
8:05 of 3rd period - Slapshot by Adam Larsson.
8:05 of 3rd period - Stopped by Cam Ward without a rebound.
8:06 of 3rd period - Sean Couturier wins face-off versus David Krejci in Ducks zone.
8:42 of 3rd period - Slapshot by Jaccob Slavin.
8:42 of 3rd period - Deflect By Micheal Ferland.
8:42 of 3rd period - Stopped by Cam Ward without a rebound.
8:43 of 3rd period - Sean Couturier wins face-off versus Jordan Staal in Ducks zone.
8:56 of 3rd period - Slapshot by Mark Stone.
8:56 of 3rd period - Shot Misses the Net.
9:17 of 3rd period - Wrist shot by Tom Wilson.
9:17 of 3rd period - Stopped by Cory Schneider with a rebound.
9:19 of 3rd period - Wrist shot by Trevor Lewis.
9:19 of 3rd period - Shot Misses the Net.
9:21 of 3rd period - Slapshot by Mike Green.
9:21 of 3rd period - Stopped by Cory Schneider without a rebound.
9:22 of 3rd period - Zack Smith wins face-off versus Jean-Gabriel Pageau in Avalanche zone.
9:29 of 3rd period - Slapshot by Mark Jankowski.
9:29 of 3rd period - Stopped by Cam Ward without a rebound.
9:30 of 3rd period - Zack Smith wins face-off versus David Krejci in Ducks zone.
9:50 of 3rd period - Slapshot by Nick Leddy.
9:50 of 3rd period - Goal by Nick Leddy - Avalanche : 2 - Ducks : 3.
9:51 of 3rd period - Sean Couturier wins face-off versus Jordan Staal in neutral zone.
10:19 of 3rd period - Off-side.
10:20 of 3rd period - David Krejci wins face-off versus Zack Smith in neutral zone.
10:50 of 3rd period - Patrik Laine is hit by Jaccob Slavin and loses puck.
11:11 of 3rd period - Aleksander Barkov is hit by Trevor Lewis and loses puck.
11:24 of 3rd period - Snap shot by Sam Bennett.
11:24 of 3rd period - Shot Misses the Net.
12:10 of 3rd period - Wrist shot by Patrik Laine.
12:10 of 3rd period - Deflect By Nikita Kucherov.
12:10 of 3rd period - Shot Misses the Net.
12:10 of 3rd period - Puck is out of play.
12:11 of 3rd period - Sean Couturier wins face-off versus Jordan Staal in Avalanche zone.
12:11 of 3rd period - Sean Couturier is hit by Rasmus Ristolainen.
12:37 of 3rd period - Jack Johnson is hit by Jakob Silfverberg.
13:39 of 3rd period - Sam Bennett is hit by Jordan Staal and loses puck.
13:48 of 3rd period - Snap shot by Mattias Ekholm.
13:48 of 3rd period - Deflect By Sam Bennett.
13:48 of 3rd period - Stopped by Cam Ward with a rebound.
14:13 of 3rd period - Wrist shot by David Krejci.
14:13 of 3rd period - Goal by David Krejci - Avalanche : 2 - Ducks : 4.
14:14 of 3rd period - Jordan Staal wins face-off versus Sean Couturier in neutral zone.
14:17 of 3rd period - Snap shot by Rasmus Ristolainen.
14:17 of 3rd period - Stopped by Cory Schneider with a rebound.
14:27 of 3rd period - Backhand shot by Nikita Kucherov.
14:27 of 3rd period - Stopped by Cam Ward without a rebound.
14:28 of 3rd period - Jordan Staal wins face-off versus Sean Couturier in Ducks zone.
15:23 of 3rd period - Mike Green is hit by Adam Larsson.
15:47 of 3rd period - Slapshot by Riley Nash.
15:47 of 3rd period - Shot Misses the Net.
16:05 of 3rd period - Snap shot by Jean-Gabriel Pageau.
16:05 of 3rd period - Stopped by Cory Schneider with a rebound.
16:07 of 3rd period - Wrist shot by David Krejci.
16:07 of 3rd period - Shot Blocked by Jaccob Slavin.
16:23 of 3rd period - Snap shot by Milan Lucic.
16:23 of 3rd period - Deflect By Patrik Laine.
16:23 of 3rd period - Stopped by Cory Schneider with a rebound.
16:27 of 3rd period - Slapshot by Patrik Laine.
16:27 of 3rd period - Shot Misses the Net.
17:16 of 3rd period - Snap shot by Craig Smith.
17:16 of 3rd period - Stopped by Cory Schneider without a rebound.
17:17 of 3rd period - Jakob Silfverberg wins face-off versus Trevor Lewis in Avalanche zone.
17:33 of 3rd period - Slapshot by Jonathan Ericsson.
17:33 of 3rd period - Deflect By Aleksander Barkov.
17:33 of 3rd period - Stopped by Cory Schneider without a rebound.
17:34 of 3rd period - Jordan Staal wins face-off versus Zack Smith in Avalanche zone.
17:45 of 3rd period - Slapshot by Mark Giordano.
17:45 of 3rd period - Shot Blocked by Rasmus Ristolainen.
18:18 of 3rd period - David Krejci is hit by Sean Couturier and loses puck.
19:09 of 3rd period - Snap shot by Zack Smith.
19:09 of 3rd period - Shot Misses the Net.
19:11 of 3rd period - Slapshot by Micheal Ferland.
19:11 of 3rd period - Shot Blocked by Nick Leddy.
19:13 of 3rd period - Slapshot by Fedor Tyutin.
19:13 of 3rd period - Shot Blocked by Milan Lucic.
19:15 of 3rd period - Wrist shot by Zack Smith.
19:15 of 3rd period - Shot Blocked by Patrik Laine.
19:17 of 3rd period - Wrist shot by Micheal Ferland.
19:17 of 3rd period - Stopped by Cam Ward with a rebound.
Goals for this period are 1 for Avalanche vs 2 for Ducks.
Shots for this period are 10 for Avalanche vs 11 for Ducks.